 Dungeon Sprint DCSS version 0.29-a0-221-gceb61267dd (webtiles) character file.

Game seed: 8977959524573184029

1236 mhtbhm the Fighter (level 8, -10/85 HPs)
             Began as a Minotaur Berserker on Feb 26, 2022.
             Was a High Priest of Trog.
             Mangled by a merfolk
             ... wielding a +0 trident
              (22 damage)
             ... in the Dungeon (Sprint V: "Ziggurat Sprint").
             The game lasted 00:02:02 (310 turns).

mhtbhm the Fighter (Minotaur Berserker)              Turns: 310, Time: 00:02:03

Health: -10/85     AC: 24    Str: 36    XL:     8   Next: 24%
Magic:  7/7        EV:  0    Int:  4    God:    Trog [*****.]
Gold:   0          SH:  0    Dex: 12    Spells: 7/7 levels left

rFire   + + .      SeeInvis +   a - +8 lance "Wyrmbane" {slay drac, rPois rF+ rC+ AC+3}
rCold   + + .      Faith    +   c - +18 shield of the Gong {rElec rN+ Will+ EV-5}
rNeg    + . .      Spirit   .   b - +5 gold dragon scales
rPois   +          Reflect  .   (helmet restricted)
rElec   +          Harm     +   (no cloak)
rCorr   .          Rampage  .   (no gloves)
Will    +....      NoTele   +   (no boots)
Stlth   ..........              t - amulet of Perrepoa {Faith Harm Dex+2 SInv}
HPRegen 0.24/turn               y - +6 ring of strength
MPRegen 0.10/turn               z - +6 ring of strength

@: on berserk cooldown, held, slowed, very slow
A: horns 2, retaliatory headbutt
a: Renounce Religion, Berserk, Trog's Hand, Brothers in Arms


You were in the Dungeon.
You worshipped Trog.
Trog was extremely pleased with you.
You visited 1 branch

Inventory:

Hand Weapons
 a - the +8 lance "Wyrmbane" (weapon) {slay drac, rPois rF+ rC+ AC+3}
   (You found it in the Dungeon)

   It inflicts extra damage against dragons and draconians.
   AC:        It affects your AC (+3).
   rF:        It protects you from fire.
   rC:        It protects you from cold.
   rPois:     It protects you from poison.
Armour
 b - +5 gold dragon scales (worn)
 c - the +18 shield of the Gong (worn) {rElec rN+ Will+ EV-5}
   (You found it in the Dungeon)

   It is deafeningly noisy when blocking attacks.
   EV:        It affects your evasion (-5).
   rElec:     It insulates you from electricity.
   rN:        It protects you from negative energy.
   Will:      It increases your willpower.
Jewellery
 t - the amulet of Perrepoa (around neck) {Faith Harm Dex+2 SInv}
   (You found it in the Dungeon)

   [amulet of faith]

   It allows you to gain divine favour quickly.
   Dex:       It affects your dexterity (+2).
   SInv:      It lets you see invisible.
   Harm:      It increases damage dealt and taken.
 y - a +6 ring of strength (left hand)
 z - a +6 ring of strength (right hand)
Wands
 q - a wand of mindburst (7)
 r - a wand of iceblast (4)
 s - a wand of acid (7)
Scrolls
 h - 4 scrolls of blinking
 m - 6 scrolls of fog
 n - a scroll of holy word
 o - 5 scrolls of identify
 p - 2 scrolls of fear
 u - 4 scrolls of enchant weapon
Potions
 d - 10 potions of heal wounds
 e - 5 potions of haste
 f - 7 potions of magic
 g - 3 potions of berserk rage
 i - 2 potions of invisibility
 j - 4 potions of resistance
 k - a potion of experience
 l - 5 potions of might
 B - 9 potions of curing
Miscellaneous
 A - a lightning rod (4/4)


   Skills:
 + Level 12.8 Fighting
 + Level 12.5(13.1) Axes
 + Level 6.3(10.3) Polearms
 + Level 7.9 Armour
 + Level 6.4 Dodging
 + Level 5.5 Shields
 + Level 1.4 Evocations


You had 7 spell levels left.
You didn't know any spells.
Your spell library was empty.

Dungeon Overview and Level Annotations

Branches:
Dungeon (1/1)

Altars:
Ashenzari
Cheibriados
Dithmenos
Elyvilon
Fedhas
Gozag
Hepliaklqana
Kikubaaqudgha
Makhleb
Nemelex Xobeh
Okawaru
Qazlal
Ru
Sif Muna
Trog
Uskayaw
Vehumet
Wu Jian
Xom
Yredelemnul
Zin
The Shining One
Beogh
Jiyva
Lugonu

Annotations:
D 1 transporter


Innate Abilities, Weirdness & Mutations

You have a pair of horns on your head.
You reflexively headbutt those who attack you in melee.


Message History

The merfolk shouts! x4
The merfolk throws a boomerang.
GONNNNG!
You block the boomerang.
Found five items.
Found a transporter.
Unknown command.
The merfolk hits you from afar with a +0 trident!
Unknown command.
A red film seems to cover your vision as you go berserk!
You feel yourself moving faster!
You feel mighty!
The merfolk throws a boomerang.
PTOANNNG!
You block the boomerang.
The merfolk throws a throwing net.
The throwing net hits you.
You become entangled in the net!
The merfolk hits you from afar with a +0 trident!
The merfolk hits you from afar with a +0 trident.
You are held in a net!
You tear a large gash into the net.
You feel a strong urge to attack something.
The merfolk hits you but does no damage.
The merfolk hits you from afar with a +0 trident! x2
The merfolk hits you but does no damage.
You struggle against the net.
You struggle against the net.
You feel your anger nearly subside.
The merfolk hits you from afar with a +0 trident!
The merfolk hits you but does no damage. x2
The merfolk hits you from afar with a +0 trident!
You struggle against the net.
You are no longer berserk.
You are exhausted.
You feel yourself slow down.
The merfolk throws a boomerang.
The boomerang hits you.
* * * LOW HITPOINT WARNING * * *
The merfolk hits you from afar with a +0 trident!
* * * LOW HITPOINT WARNING * * *
The merfolk hits you from afar with a +0 trident.
* * * LOW HITPOINT WARNING * * *
The merfolk hits you from afar with a +0 trident!!
You die...

▓.....▓.....▓..©..▓
▓..©..▓..©..▓▓▓▓▓▓▓
▓▓▓▓▓▓▓▓▓▓▓▓▓▓▓▓▓▓▓
▓..8©8...▓..8©8...▓
▓..[)|...▓..[)=...▓
▓...=....▓..!m[...▓
▓........▓.mmmm...▓
▓..))....▓........▓
▓.▓))).▓.▓.▓.@..▓.▓
▓...©....▓...©....▓
▓▓▓▓▓▓▓▓▓▓▓▓▓▓▓▓▓▓▓


You could see 5 merfolk.

Vanquished Creatures
  3 yaktaurs (D)
  A jumping spider (D)
  A centaur (D)
  A bullfrog (D)
  2 scorpions (D)
  An orc priest (D)
  2 orc wizards (D)
  A river rat (D)
  An orc (D)
13 creatures vanquished.

Notes
Turn   | Place    | Note
-------+----------+-------------------------------------------
     0 | D        | mhtbhm the Minotaur Berserker began the quest for the Orb.
     0 | D        | Reached XP level 1. HP: 19/19 MP: 0/0
     0 | D        | Found a blossoming altar of Fedhas.
     0 | D        | Found the +6 Majin-Bo {vamp, MP+6 Int+6}
     0 | D        | Found the +9 heavy crossbow "Sniper" {vorpal, Acc+∞ SInv}
     0 | D        | Found the +10 dark maul {vorpal}
     0 | D        | Found the +15 Maxwell's patent armour {-Cast -Tele rElec
                  | Will+ rCorr}
     0 | D        | Found the +18 shield of the Gong {rElec rN+ Will+ EV-5}
     0 | D        | Found the +14 obsidian axe {vorpal, Mesm Drain Fly SInv}
     0 | D        | Found the +7 great mace "Firestarter" {inner flame, rF++}
     0 | D        | Found the +6 shillelagh "Devastator" {shatter}
     0 | D        | Found the +11 plutonium sword {Contam Stlth-}
     0 | D        | Found the +8 lance "Wyrmbane" {slay drac, rPois rF+ rC+
                  | AC+3}
     0 | D        | Found the +9 sword of Zonguldrok {reap}
     0 | D        | Found the +13 scythe of Curses {drain, Drain}
     0 | D        | Found the +5 sword of Power {vorpal}
     0 | D        | Found the +7 mace of Variability {chain chaos}
     0 | D        | Found the +7 Singing Sword {vorpal, sonic wave}
     0 | D        | Found the +8 storm bow {elec, penet}
    23 | D        | Found a shimmering blue altar of Sif Muna.
    23 | D        | Found a sacrificial altar of Ru.
    23 | D        | Found a bloodstained altar of Trog.
    23 | D        | Found a stormy altar of Qazlal.
    23 | D        | Found an iron altar of Okawaru.
    23 | D        | Found a sparkling altar of Nemelex Xobeh.
    29 | D        | Found a transporter.
    29 | D        | Found an ancient bone altar of Kikubaaqudgha.
    29 | D        | Found a viscous altar of Jiyva.
    29 | D        | Found a corrupted altar of Lugonu.
    29 | D        | Found a hazy altar of Hepliaklqana.
    29 | D        | Found a burning altar of Makhleb.
    29 | D        | Found an opulent altar of Gozag.
    79 | D        | Entered arena 2.
    79 | D        | Noticed a bullfrog
    79 | D        | Found a transporter.
    84 | D        | Killed a bullfrog
    85 | D        | Reached skill level 1 in Polearms
    85 | D        | Reached skill level 1 in Shields
    85 | D        | Reached XP level 2. HP: 31/31 MP: 1/1
    85 | D        | Reached XP level 3. HP: 38/38 MP: 2/2
    86 | D        | Reached XP level 4. HP: 45/45 MP: 3/3
    92 | D        | Got the amulet of Perrepoa {Faith Harm Dex+2 SInv}
   135 | D        | Entered arena 3.
   135 | D        | Noticed a jumping spider
   135 | D        | Noticed a scorpion
   135 | D        | Noticed a scorpion
   135 | D        | Found a transporter.
   137 | D        | Killed a scorpion
   137 | D        | Reached ** piety under Trog
   137 | D        | Killed a scorpion
   138 | D        | Reached skill level 5 in Armour
   138 | D        | Reached XP level 5. HP: 56/56 MP: 4/4
   140 | D        | Killed a jumping spider
   141 | D        | Reached skill level 10 in Fighting
   141 | D        | Reached skill level 10 in Axes
   141 | D        | Reached skill level 5 in Dodging
   141 | D        | Reached XP level 6. HP: 67/67 MP: 5/5
   147 | D        | Entered arena 4.
   147 | D        | Found a transporter.
   148 | D        | Reached *** piety under Trog
   150 | D        | Reached **** piety under Trog
   158 | D        | Got the ring "Pelomp" {Wiz Str-2 Dex+6}
   242 | D        | Entered arena 5.
   242 | D        | Noticed a yaktaur
   242 | D        | Noticed a yaktaur
   242 | D        | Noticed a yaktaur
   242 | D        | Found a transporter.
   250 | D        | Killed a yaktaur
   251 | D        | Reached skill level 1 in Evocations
   251 | D        | Reached XP level 7. HP: 75/75 MP: 6/6
   253 | D        | Killed a yaktaur
   254 | D        | Reached skill level 5 in Polearms
   254 | D        | Reached ***** piety under Trog
   255 | D        | Reached XP level 8. HP: 85/85 MP: 7/7
   256 | D        | Killed a yaktaur
   256 | D        | Received a gift from Trog
   257 | D        | Reached skill level 5 in Shields
   304 | D        | Entered arena 6.
   304 | D        | Found the +3 salamander hide armour {Flames rF++ rC--}
   304 | D        | Noticed a merfolk
   304 | D        | Noticed a merfolk
   304 | D        | Noticed a merfolk
   304 | D        | Noticed a merfolk
   304 | D        | Noticed a merfolk
   304 | D        | Found a transporter.
   310 | D        | Mangled by a merfolk

Illustrated notes

Levels and vault maps discovered:
D:        sprint_v [room_start, room_1, room_2, room_3, room_4, room_5, room_6,
          room_7, room_8, room_9, room_10, room_11, room_12, room_13, room_14,
          room_15, room_16, room_17, room_18, room_19, room_20, room_21,
          room_22, room_23, room_24, room_25, room_26, room_27]

Skill      XL: |  1  2  3  4  5  6  7  8 |
---------------+-------------------------+-----
Fighting       | 6 8 10 11 12 | 12.8
Axes           | 6 8 10 11 12 | 12.5
Polearms       | 1 2 3 4 5 6 |  6.3
Armour         | 3 5 7 |  7.9
Dodging        | 3 4 5 6 |  6.4
Shields        | 1 2 3 4 5 |  5.5
Evocations     | 1 |  1.4

Action                   |  1- 3 |  4- 6 |  7- 9 || total
-------------------------+-------+-------+-------++-------
Melee: Lance             |     5 |     8 |     6 ||    19
       Headbutt          |       |       |     2 ||     2
Invok: Berserk           |     1 |     1 |     1 ||     3
Evoke: Wand              |       |     3 |       ||     3
  Use: Potion            |       |     2 |       ||     2
       Scroll            |       |     1 |       ||     1
Armor: Gold dragon scale |     1 |     6 |     6 ||    13
Block: Kite shield       |     6 |    17 |     8 ||    31

Table legend: (Time is in decaauts)
 A = Elapsed time spent in this place.
 B = Non-inter-level travel time spent in this place.
 C = Inter-level travel time spent in this place.
 D = Time resting spent in this place.
 E = Time spent auto-exploring this place.
 F = Levels seen in this place.
 G = Mean time per level.
                   A        B        C        D        E       F      G
               +--------+--------+--------+--------+--------+-----+--------+
         Total |    310 |    310 |      0 |    136 |      0 |   1 |  310.0 |
       Dungeon |    310 |    310 |      0 |    136 |      0 |   1 |  310.0 |
               +--------+--------+--------+--------+--------+-----+--------+

Top non-repeatable levels by time:
       D: 310 daAuts
